 Dungeon Crawl Stone Soup version 0.30-b1-2-g02819fbbbe (webtiles) character file.

Game seed: 8746999825503918965

8 LordPurah the Sneak (level 2, 0/22 HPs)
             Began as a Naga Enchanter on Oct 12, 2023.
             Slain by a goblin
             ... wielding a +0 dagger
              (3 damage)
             ... on level 1 of the Dungeon.
             The game lasted 00:06:40 (174 turns).

LordPurah the Sneak (Naga Enchanter)                 Turns: 174, Time: 00:06:42

Health: 0/22       AC:  1    Str: 10    XL:     2   Next: 8%
Magic:  5/5        EV:  9    Int: 15    God:
Gold:   13         SH:  0    Dex: 11    Spells: 5/5 levels left

rFire   . . .        a - +1 dagger
rCold   . . .        (no shield)
rNeg    . . .        b - +0 robe
rPois   +            (no helmet)
rElec   .            (no cloak)
rCorr   .            (no gloves)
SInv    +            (no barding)
Will    .....        (no amulet)
Stlth   +++          (no ring)
HPRegen 0.23/turn    (no ring)
MPRegen 0.09/turn

%: no passive effects
@: very slow
A: AC +0, large, see invisible, deformed body, poison resistance, slowness 2,
spit poison 1, naga tail 1
a: Spit Poison


You were on level 1 of the Dungeon.
You visited 1 branch of the dungeon, and saw 1 of its levels.

You collected 13 gold pieces.

Inventory:

Hand Weapons
 a - a +1 dagger (weapon)
Missiles
 d - 2 javelins
Armour
 b - a +0 robe (worn)
Jewellery
 e - an amulet of faith
 f - a ring of protection from fire
 g - a ring of see invisible
Potions
 c - 2 potions of invisibility


   Skills:
 + Level 1.0 Short Blades
 + Level 1.6 Dodging
 + Level 4.6 Stealth
 + Level 2.0 Spellcasting
 + Level 3.3 Hexes


You had 5 spell levels left.
You didn't know any spells.
Your spell library contained the following spells:

 Spells                   Type           Power      Damage    Failure   Level
 Ensorcelled Hibernation  Hex/Ice        12%        N/A       17%         2
 Confusing Touch          Hex            11%        N/A       17%         3
 Tukima's Dance           Hex            11%        N/A       17%         3
 Dazzling Flash           Conj/Hex       12%        N/A       32%         3


Dungeon Overview and Level Annotations

Branches:
Dungeon (1/15)

Altars:


Innate Abilities, Weirdness & Mutations

Your serpentine skin is tough. (AC +0)
You have supernaturally acute eyesight. (SInv)
Armour fits poorly on your strangely shaped body.
Your system is resistant to poisons. (rPois)
You cover ground very slowly.
You can spit poison.
You have a snake-like lower body.


Message History

You hit the goblin.
You kill the goblin!
You have reached level 2!
You see here a +0 dagger.
Okay, then.
You see here a +0 dagger.
A hobgoblin comes into view.
You see here 8 gold pieces.
You now have 13 gold pieces (gained 8).
Found 6 stones.
Found a faded altar of an unknown god.
A goblin comes into view. It is wielding a +0 dagger.
The goblin moves out of view.
The hobgoblin shouts!
You hear a shout! x2
A goblin comes into view. It is wielding a +0 dagger.
The hobgoblin hits you.
You hit the hobgoblin.
The hobgoblin is lightly wounded.
The hobgoblin completely misses you.
You hit the hobgoblin but do no damage.
The hobgoblin is lightly wounded.
The hobgoblin barely misses you.
You hit the hobgoblin but do no damage.
The hobgoblin is lightly wounded.
The hobgoblin barely misses you. The goblin attacks as you move away!
The goblin barely misses you.
You hit the hobgoblin.
The hobgoblin is almost dead.
The hobgoblin hits you. The goblin hits you with a +0 dagger.
The goblin attacks as you move away! The goblin hits you with a +0 dagger.
* * * LOW HITPOINT WARNING * * *
You hit the hobgoblin.
You kill the hobgoblin!
The goblin closely misses you. x2
The goblin attacks as you move away! The goblin barely misses you.
The goblin hits you with a +0 dagger.
* * * LOW HITPOINT WARNING * * *
The goblin barely misses you.
You barely miss the goblin. The goblin hits you with a +0 dagger.
You die...

...... ###..⌠ ...... #8#∩#..
...... ...#_# ......###.⌠..##
........#(.⌠.8# ##
.........#...## .#
..........###.# #####.###
.#.#.........####.......####
#
...........†g@..............
. ##.#.#...#..g............##
## ..................)......#
#.
#..#..................#...#
#. #.
#...#.#..#.............# #. #
#...#.#.....#...###.#.## #.
.......#.....#...###.#.####.
........................##...
..#.#.........#.........##.##


You could see 2 goblins.

Vanquished Creatures
  An endoplasm (D:1)
  A giant cockroach (D:1)
  A goblin (D:1)
  A hobgoblin (D:1)
  A quokka (D:1)
  2 ball pythons (D:1)
7 creatures vanquished.

Notes
Turn   | Place    | Note
-------+----------+-------------------------------------------
     0 | D:1      | LordPurah the Naga Enchanter began the quest for the Orb.
     0 | D:1      | Reached XP level 1. HP: 15/15 MP: 3/3
   125 | D:1      | Reached XP level 2. HP: 22/22 MP: 5/5
   159 | D:1      | Found a faded altar of an unknown god.
   174 | D:1      | Slain by a goblin

Illustrated notes

Levels and vault maps discovered:
D:1:      grunt_arrival_lava_bath, layout_basic, shapermc_ecumenical_altar_venn,
          minmay_tromino_v4_b

Action                     || total
---------------------------++-------
  Melee: Dagger            ||    16
Ability: Spit Poison       ||     6
 Armour: Robe              ||     1
  Dodge: Dodged            ||    12
